 Dungeon Crawl Stone Soup version 0.24.0-123-gd5b16e6ec5 (webtiles) character file.

Game seed: 17365856235989324108, levelgen mode: deterministic

14319 Norian the Thaumaturge (level 11, -1/55 HPs)
             Began as a Deep Elf Conjurer on Dec 26, 2019.
             Was a Believer of Vehumet.
             Slain by a five-headed hydra (13 damage)
             ... on level 1 of the Lair of Beasts.
             The game lasted 00:30:28 (11624 turns).

Norian the Thaumaturge (Deep Elf Conjurer)         Turns: 11624, Time: 00:30:28

Health: -1/55      AC: 14    Str:  8    XL:     11   Next: 87%
Magic:  26/39      EV: 14    Int: 21    God:    Vehumet [**....]
Gold:   754        SH:  0    Dex: 15    Spells: 17/36 levels left

rFire    . . .     SeeInvis .   L - +8 autumn katana {slice, Clar}
rCold    + . .     Gourm    .   (no shield)
rNeg     + + .     Faith    .   Q - +0 ring mail of Gozag's Scorn {rPois rN+ MR-}
rPois    +         Spirit   .   K - +2 helmet of the Devil's Team {*Contam rPois rN+}
rElec    .         Reflect  .   J - +2 cloak
rCorr    .         Harm     .   (no gloves)
MR       .....     Clarity  +   R - +0 pair of boots
Stlth    +.........             d - amulet of magic regeneration
HPRegen  0.18/turn              j - ring of protection from cold
MPRegen  0.51/turn              b - ring of magical power

@: marked, hasted, very quick
A: no striking features
a: Renounce Religion


You were on level 1 of the Lair of Beasts.
You worshipped Vehumet.
Vehumet was pleased with you.
You were not hungry.

You visited 3 branches of the dungeon, and saw 13 of its levels.

You collected 1188 gold pieces.
You spent 434 gold pieces at shops.

Inventory:

Hand Weapons
 L - the +8 autumn katana (weapon) {slice, Clar}
   (You found it on level 9 of the Dungeon)

   It inflicts extra damage upon your enemies.
   It protects you against confusion.
Armour
 J - a +2 cloak (worn)
 K - the +2 helmet of the Devil's Team (worn) {*Contam rPois rN+}
   (You bought it in a shop on level 7 of the Dungeon)

   It protects you from poison.
   It protects you from negative energy.
   It causes magical contamination when unequipped.
 Q - the +0 ring mail of Gozag's Scorn (worn) {rPois rN+ MR-}
   (You found it on level 9 of the Dungeon)

   It protects you from poison.
   It protects you from negative energy.
   It affects your resistance to hostile enchantments.
 R - a +0 pair of boots (worn)
Magical Staves
 D - an uncursed staff of wizardry
Jewellery
 b - a ring of magical power (right hand)
 d - an amulet of magic regeneration (around neck)
 g - an uncursed ring of wizardry
 j - a ring of protection from cold (left hand)
 t - an uncursed ring of fire
 z - an uncursed ring of resist corrosion
 E - an uncursed ring of flight
 I - an uncursed ring of protection from fire {unknown}
 T - a cursed ring of teleportation {unknown}
Wands
 a - a wand of random effects (23)
 y - a wand of flame (68)
 G - a wand of acid (8)
 H - a wand of paralysis (12)
 U - a wand of digging (5)
 V - a wand of iceblast (8)
Scrolls
 e - 11 scrolls of remove curse
 h - 4 scrolls of noise {unknown}
 i - a scroll of fog {unknown}
 k - 14 scrolls of identify
 l - 5 scrolls of blinking {unknown}
 p - a scroll of random uselessness {unknown}
 q - a scroll of amnesia {unknown}
 u - 5 scrolls of enchant armour {unknown}
 x - 3 scrolls of fear
 A - 3 scrolls of teleportation {unknown}
 F - 2 scrolls of enchant weapon {unknown}
 M - 2 scrolls of summoning {unknown}
 O - a scroll of magic mapping {unknown}
 S - 4 scrolls of vulnerability {unknown}
Potions
 f - a potion of lignification {unknown}
 m - a potion of resistance {unknown}
 n - 2 potions of flight {unknown}
 o - 4 potions of degeneration
 r - 3 potions of mutation {unknown}
 s - 5 potions of brilliance
 v - a potion of cancellation {unknown}
 w - a potion of haste
 B - 3 potions of agility
 C - 7 potions of curing {unknown}
 N - 2 potions of magic {unknown}
 P - 5 potions of heal wounds
 W - a potion of berserk rage {unknown}
Comestibles
 c - 33 rations
 X - 4 chunks of flesh


   Skills:
 + Level 0.6 Fighting
 - Level 7.0 Armour
 - Level 8.2 Dodging
 - Level 2.4 Stealth
 - Level 13.0 Spellcasting
 - Level 11.0 Conjurations
 - Level 7.2 Hexes
 + Level 5.8 Fire Magic
 + Level 3.3 Air Magic


You had 17 spell levels left.
You knew the following spells:

 Your Spells              Type           Power        Failure   Level  Hunger
a - Magic Dart            Conj           ####         1%          1    None
b - Iskenderun's Mystic   Conj           ######..     1%          4    None
c - Fulminant Prism       Conj/Hex       ######....   2%          4    None
d - Fireball              Conj/Fire      #####.....   11%         5    ####...
e - Lightning Bolt        Conj/Air       #####.....   19%         5    ####...

Your spell library contained the following spells:

 Spells                   Type           Power        Failure   Level  Hunger
 Throw Frost              Conj/Ice       #####.       1%          2    None
 Flame Tongue             Conj/Fire      #####        1%          1    None
 Shock                    Conj/Air       ####         1%          1    None
 Searing Ray              Conj           ######       1%          2    None
 Throw Flame              Conj/Fire      #####.       1%          2    None
 Conjure Flame            Conj/Fire      #####...     1%          3    None
 Dazzling Spray           Conj/Hex       ######       1%          3    None
 Static Discharge         Conj/Air       #####...     1%          3    None
 Inner Flame              Hex/Fire       #####...     2%          3    None
 Sticky Flame             Conj/Fire      #####...     3%          4    None
 Swiftness                Chrm/Air       ###.....     10%         2    None
 Freeze                   Ice            ##..         12%         1    None
 Force Lance              Conj/Tloc      #####...     13%         4    None
 Throw Icicle             Conj/Ice       #####...     13%         4    None
 Airstrike                Air            ####......   32%         4    None
 Ozocubu's Armour         Chrm/Ice       ##......     36%         3    None
 Summon Ice Beast         Ice/Summ       ##......     77%         4    None


Dungeon Overview and Level Annotations

Branches:
Dungeon (11/15)            Temple (1/1) D:6            Lair (1/6) D:9
    Orc (0/2) D:11

Altars:
Ashenzari
Cheibriados
Dithmenos
Elyvilon
Fedhas
Gozag
Kikubaaqudgha
Makhleb
Nemelex Xobeh
Okawaru
Qazlal
Ru
Sif Muna
Trog
Uskayaw
Vehumet
Wu Jian
Xom
Yredelemnul
Zin
The Shining One
Lugonu

Shops:
D:6 *   D:7 [   D:8 }   D:10 [


Message History

The mystic blast hits your fulminant prism!!
Your fulminant prism explodes!
The blast of energy engulfs the bullfrog!
You kill the bullfrog!
Vehumet accepts your kill.
The blast of energy engulfs the five-headed hydra!!
The five-headed hydra is heavily wounded.
The blast of energy engulfs the bush.
The bush is lightly damaged.
A komodo dragon comes into view.
Okay, then.
Casting: Iskenderun's Mystic Blast (safe; 1% risk of failure)
Confirm with . or Enter, or press ? or * to list all spells.
Okay, then.
Okay, then.
You feel yourself speed up. The five-headed hydra bites you!
* * * LOW HITPOINT WARNING * * *
The five-headed hydra bites you but does no damage. x2
The five-headed hydra bites you!
You die...

≈## ###≈≈≈l.## ##...
≈≈≈###≈≈≈≈....# ##.#..
#≈≈≈≈≈≈≈≈#....# ####.....
.≈≈≈≈≈##.#.#.# #.P....#.
##....#.....†.## #........
#..##.#(#####.P## ....#....#.
###......# #...# ###.# #....#.
.#.#.....### ###D###P. ##.##..
......[....####.@.#....####..###.
###......##...#.......##(........
#.#.#....##...#.......#.......##.
...#.##......#.........P#...###.
)##.#.####..........#.######## #.
...#..# #....##..###..### #.
.....#####....#.####....## #.
.........##÷....##.......##### #.
#.###.#.......####.....#.....## .


You could see a five-headed hydra.

Vanquished Creatures
  Erolcha (D:11)
  Harold (D:7)
  2 hydras (Lair:1)
  2 two-headed ogres
  Urug (D:11)
  An ugly thing (D:11)
  2 manticores
  A spiny frog (Lair:1)
  2 trolls
  2 hornets
  A shadow (D:9)
  A wyvern (D:9)
  A yak (D:9)
  A basilisk (Lair:1)
  A human (D:7)
  4 hogs (D:7)
  A hungry ghost (D:11)
  2 vampire mosquitoes (D:11)
  Menkaure (D:6)
  A swamp worm (Lair:1)
  A porcupine (Lair:1)
  An ice beast (D:9)
  2 orc warriors
  2 black bears
  3 phantoms
  An ogre (D:4)
  6 centaurs
  4 crocodiles (Lair:1)
  11 bullfrogs
  A wyvern zombie (D:10)
  9 scorpions
  11 killer bees
  A wight (D:9)
  An electric eel (Lair:1)
  2 howler monkeys
  7 crimson imps
  2 centaur zombies
  4 hounds
  4 jellies
  8 orc priests
  Crazy Yiuf (D:6)
  3 bullfrog skeletons
  A centaur skeleton (D:8)
  Ijyb (D:3)
  An iguana (D:4)
  9 orc wizards
  11 worker ants
  6 ogre zombies (D:11)
  A hound skeleton (D:9)
  A mummy (D:7)
  A worker ant zombie (D:8)
  4 gnolls (D:8)
  16 adders
  6 shadow imps
  A white imp (D:11)
  An ooze (D:2)
  An adder zombie (D:9)
  3 worms
  3 dart slugs
  4 leopard geckos
  36 orcs
  7 giant cockroaches
  9 hobgoblins
  11 jackals
  5 kobolds
  8 quokkas
  2 ball pythons
  7 bats
  4 frilled lizards
  4 goblins
  A goblin zombie (D:11)
  4 hobgoblin zombies (D:11)
  A jackal skeleton (D:5)
  A leopard gecko skeleton (D:4)
  2 orc skeletons (D:11)
  12 orc zombies (D:11)
  2 quokka skeletons
  10 rats
  A fulminant prism (Lair:1)
  A plant (Lair:1)
313 creatures vanquished.

Vanquished Creatures (others)
  26 fulminant prisms
26 creatures vanquished.

Grand Total: 339 creatures vanquished

Notes
Turn   | Place    | Note
-------+----------+-------------------------------------------
     0 | D:1      | Norian the Deep Elf Conjurer began the quest for the Orb.
     0 | D:1      | Reached XP level 1. HP: 10/10 MP: 6/6
   127 | D:1      | Reached XP level 2. HP: 10/15 MP: 0/8
   467 | D:1      | Reached skill level 4 in Spellcasting
   547 | D:1      | Reached XP level 3. HP: 17/19 MP: 0/10
   768 | D:1      | Reached skill level 5 in Conjurations
   947 | D:2      | Found a stormy altar of Qazlal.
  1204 | D:2      | Found a burning altar of Makhleb.
  1204 | D:2      | Found a glowing silver altar of Zin.
  1205 | D:2      | Noticed an angel
  1205 | D:2      | Noticed a cacodemon
  1214 | D:2      | Reached XP level 4. HP: 24/24 MP: 8/12
  1265 | D:2      | Learned a level 4 spell: Iskenderun's Mystic Blast
  1270 | D:2      | Learned a level 4 spell: Fulminant Prism
  1625 | D:3      | Reached skill level 5 in Spellcasting
  1744 | D:3      | Reached skill level 1 in Hexes
  1900 | D:3      | Reached XP level 5. HP: 7/28 MP: 0/14
  2261 | D:3      | Noticed Ijyb
  2290 | D:3      | Killed Ijyb
  2896 | D:4      | Noticed an ogre
  3008 | D:4      | Killed an ogre
  3008 | D:4      | Reached XP level 6. HP: 32/32 MP: 4/16
  3096 | D:4      | Reached skill level 6 in Spellcasting
  3499 | D:4      | Reached XP level 7. HP: 17/36 MP: 1/19
  3687 | D:4      | Found a sacrificial altar of Ru.
  3845 | D:4      | Reached skill level 7 in Spellcasting
  3972 | D:4      | Found an ornate altar of the Wu Jian Council.
  4004 | D:5      | Entered Level 5 of the Dungeon
  4216 | D:5      | Found an ancient bone altar of Kikubaaqudgha.
  4281 | D:5      | Reached skill level 5 in Hexes
  4605 | D:5      | Found a shattered altar of Ashenzari.
  4666 | D:5      | Reached skill level 8 in Spellcasting
  4666 | D:5      | Reached XP level 8. HP: 41/41 MP: 5/22
  5169 | D:6      | Found a staircase to the Ecumenical Temple.
  5177 | Temple   | Entered the Ecumenical Temple
  5839 | D:6      | Found Wuimpem's General Store.
  5844 | D:6      | Bought a potion of degeneration for 14 gold pieces
  5950 | D:6      | Reached skill level 9 in Spellcasting
  5952 | D:6      | Noticed Menkaure
  5955 | D:6      | Killed Menkaure
  6124 | D:6      | Reached skill level 1 in Armour
  6376 | D:6      | Reached XP level 9. HP: 30/45 MP: 6/24
  6550 | D:6      | Found a hide-covered altar of Uskayaw.
  6616 | D:6      | Found a runed translucent door.
  6617 | D:6      | Noticed Crazy Yiuf
  6794 | D:6      | Killed Crazy Yiuf
  7067 | D:7      | Found a snail-covered altar of Cheibriados.
  7243 | D:7      | Noticed Harold
  7255 | D:7      | Killed Harold
  7255 | D:7      | Reached skill level 5 in Dodging
  7255 | D:7      | Reached skill level 10 in Spellcasting
  7348 | D:7      | Found a sparkling altar of Nemelex Xobeh.
  7494 | D:7      | Found Cyajoz's Antique Armour Shoppe.
  7802 | D:7      | Bought a warped helmet for 266 gold pieces
  7807 | D:7      | Identified the +2 helmet of the Devil's Team {*Contam rPois
                  | rN+} (You bought it in a shop on level 7 of the Dungeon)
  7863 | D:8      | Found a hide-covered altar of Uskayaw.
  7904 | D:8      | Found Qafo Raph's Gadget Shop.
  7904 | D:8      | Noticed a two-headed ogre
  7907 | D:8      | Killed a two-headed ogre
  7907 | D:8      | Reached XP level 10. HP: 39/50 MP: 14/26
  7910 | D:8      | Reached skill level 11 in Spellcasting
  7910 | D:8      | Reached skill level 10 in Conjurations
  8743 | D:9      | Found a staircase to the Lair.
  8806 | D:9      | Found a radiant altar of Vehumet.
  8845 | D:9      | Became a worshipper of Vehumet
  8979 | D:9      | Found the +8 autumn katana {slice, Clar}
  9131 | D:9      | Reached skill level 5 in Armour
  9237 | D:9      | Reached skill level 12 in Spellcasting
  9345 | D:9      | Got an ancient ring mail
  9356 | D:9      | Identified the cursed +0 ring mail of Gozag's Scorn {rPois
                  | rN+ MR-} (You found it on level 9 of the Dungeon)
  9498 | D:10     | Entered Level 10 of the Dungeon
  9545 | D:10     | Learned a level 5 spell: Fireball
  9565 | D:10     | Found Ifuiduno's Antique Armour Shoppe.
  9574 | D:10     | Bought a slimy leather armour for 154 gold pieces
  9574 | D:10     | Identified the +3 leather armour "Lyawk" {Dex+5} (You
                  | bought it in a shop on level 10 of the Dungeon)
  9627 | D:10     | Found an iron altar of Okawaru.
  9777 | D:10     | Reached * piety under Vehumet
  9777 | D:10     | Offered knowledge of Sting by Vehumet.
 10086 | D:11     | Reached XP level 11. HP: 54/54 MP: 20/29
 10087 | D:11     | Noticed Urug
 10098 | D:11     | Killed Urug
 10098 | D:11     | Reached skill level 1 in Fire Magic
 10332 | D:11     | Found a staircase to the Orcish Mines.
 10335 | D:11     | Offered knowledge of Throw Frost by Vehumet.
 10362 | D:11     | Reached ** piety under Vehumet
 10413 | D:11     | Noticed a white ugly thing
 10440 | D:11     | Killed a white ugly thing
 10741 | D:11     | Noticed Erolcha
 10748 | D:11     | Killed Erolcha
 10848 | D:11     | Learned a level 5 spell: Lightning Bolt
 10901 | D:11     | Noticed a two-headed ogre
 10905 | D:11     | Killed a two-headed ogre
 10905 | D:11     | Reached skill level 13 in Spellcasting
 11223 | D:9      | Reached skill level 1 in Air Magic
 11277 | Lair:1   | Entered Level 1 of the Lair of Beasts
 11291 | Lair:1   | Noticed a four-headed hydra
 11297 | Lair:1   | Killed a four-headed hydra
 11297 | Lair:1   | Reached skill level 5 in Fire Magic
 11415 | Lair:1   | Noticed an eight-headed hydra
 11422 | Lair:1   | Killed an eight-headed hydra
 11612 | Lair:1   | Noticed a five-headed hydra
 11624 | Lair:1   | Slain by a five-headed hydra

Levels and vault maps discovered:
D:1:      dpeg_arrival_round_a, layout_loops_ring, minmay_misc_feat_pillars,
          serial_bayou_pond_e, minmay_three_crescents
D:2:      layout_rooms, grunt_temple_overflow_order_and_chaos_2,
          overflow_temple_1_default
D:3:      layout_basic, uniq_ijyb
D:4:      layout_rooms, lemuel_round_altar, lemuel_round_altar, minmay_bisected
D:5:      layout_basic, kiku_gazebo_garden_becter, cheibrodos_ashenzari_chains,
          first_ration, ebering_dispersal_statue_hall
D:6:      layout_basic, nicolae_overflow_hidden_temple,
          minmay_temple_entry_waves, basic_altar, serial_shops,
          kennysheep_little_box, uniq_crazy_yiuf_cottage, uniq_menkaure
D:7:      layout_rooms, nemelex_altar_shiori, slow_altar_2, serial_shops,
          nicolae_shop_window_shopping, grunt_livestock, uniq_harold
D:8:      layout_basic, serial_rivers, chequers_serial_rivers_micro_e,
          chequers_serial_rivers_small_b, chequers_serial_rivers_room_a,
          chequers_serial_rivers_large_b, chequers_serial_rivers_room_a,
          serial_shops, shop, basic_altar
D:9:      minmay_bloctagon, layout_basic, old_standard_altar
D:10:     layout_roguey, serial_shops, shop, okawaru_trees_2
D:11:     layout_rooms, zombieorc1_lemuel, minmay_fire_ice_demons, uniq_erolcha,
          uniq_urug
Temple:   kb_corrupted_temple
Lair:1:   layout_misc_corridors, worms_lemuel, serial_bayou_shore_a

Skill      XL: |  1  2  3  4  5  6  7  8  9 10 11 |
---------------+----------------------------------+-----
Spellcasting   | 4 5 6 8 9 10 12 13 | 13.0
Conjurations   | 5 6 7 8 9 10 11 | 11.0
Hexes          | 1 3 4 6 7 |  7.2
Armour         | 1 4 5 7 |  7.0
Dodging        | 3 6 8 |  8.2
Fire Magic     | 5 |  5.8
Air Magic      | 3 |  3.3
Fighting       | |  0.6
Stealth        | |  2.4

Action                   |  1- 3 |  4- 6 |  7- 9 | 10-12 || total
-------------------------+-------+-------+-------+-------++-------
Melee: Unarmed           |    10 |       |       |       ||    10
       Dagger            |       |     5 |    11 |       ||    16
       Quarterstaff      |       |       |       |     6 ||     6
       Katana            |       |       |       |     2 ||     2
 Cast: Magic Dart        |    76 |   145 |   180 |   188 ||   589
       Iskenderun's Myst |       |    10 |    63 |   145 ||   218
       Fulminant Prism   |       |     2 |     7 |    18 ||    27
  Use: Potion            |       |     4 |     2 |     3 ||     9
       Scroll            |       |       |     1 |     2 ||     3
  Eat: Chunk             |     1 |     8 |    13 |    13 ||    35
       Ration            |       |       |     1 |       ||     1
Armor: Robe              |     4 |     9 |     7 |     9 ||    29
       Ring mail         |       |       |       |    16 ||    16
Dodge: Dodged            |    17 |    25 |    32 |    64 ||   138
       Rpst.: Katana     |       |       |       |     6 ||     6
